 Dungeon Sprint DCSS version 0.28-a0-769-g550dbda0cd (webtiles) character file.

Game seed: 6177808012459082713

130 mhtbhm the Skirmisher (level 5, 0/37 HPs)
             Began as a Gargoyle Fighter on Oct 31, 2021.
             Was an Initiate of Okawaru.
             Slain by a two-headed ogre (16 damage)
             ... in the Dungeon (Sprint IX: "|||||||||||||||||||||||||||||").
             The game lasted 00:00:48 (303 turns).

mhtbhm the Skirmisher (Gargoyle Fighter)             Turns: 303, Time: 00:00:48

Health: 0/37       AC: 22    Str: 24    XL:     5   Next: 14%
Magic:  5/5        EV: 11    Int:  8    God:    Okawaru [......]
Gold:   0          SH:  5    Dex:  9    Spells: 4/4 levels left

rFire   . . .      SeeInvis .   a - +2 morningstar (protect)
rCold   . . .      Faith    .   c - +0 buckler
rNeg    + . .      Spirit   .   b - +2 ring mail
rPois   ∞          Reflect  .   (no helmet)
rElec   +          Harm     .   (no cloak)
rCorr   .          Rampage  .   m - +0 pair of gloves
Will    .....      NoTele   +   (no boots)
Stlth   ..........              (no amulet)
HPRegen 0.12/turn               n - +2 ring of protection
MPRegen 0.09/turn               o - +3 ring of strength

@: mighty, under a protective aura, very slightly contaminated, invisible
A: sickness immunity, AC +4, negative energy resistance 1, electricity
resistance, torment resistance 1, petrification resistance
a: Renounce Religion


You were in the Dungeon.
You worshipped Okawaru.
Okawaru was noncommittal.
You visited 1 branch

Inventory:

Hand Weapons
 a - a +2 morningstar of protection (weapon)
Armour
 b - a +2 ring mail (worn)
 c - a +0 buckler (worn)
 m - a +0 pair of gloves (worn)
Jewellery
 n - a +2 ring of protection (left hand)
 o - a +3 ring of strength (right hand)
Wands
 l - a wand of acid (10)
Scrolls
 j - 2 scrolls of blinking
 k - 2 scrolls of amnesia
Potions
 f - 3 potions of heal wounds
 g - a potion of haste
 h - 4 potions of magic
 i - 4 potions of curing


   Skills:
 + Level 6.5 Fighting
 + Level 4.5 Maces & Flails
 + Level 6.5 Armour
 + Level 1.2 Dodging
 + Level 5.9 Shields


You had 4 spell levels left.
You didn't know any spells.
Your spell library was empty.

Dungeon Overview and Level Annotations

Branches:
Dungeon (1/1)

Altars:
Cheibriados
Dithmenos
Elyvilon
Fedhas
Gozag
Hepliaklqana
Kikubaaqudgha
Makhleb
Nemelex Xobeh
Okawaru
Qazlal
Ru
Sif Muna
Trog
Uskayaw
Vehumet
Wu Jian
Xom
Yredelemnul
Zin
The Shining One
Beogh
Jiyva
Lugonu


Innate Abilities, Weirdness & Mutations

You are immune to sickness and miasma.
Your stone body is resilient. (AC +4)
You are immune to poison.
You resist negative energy. (rN+)
You are resistant to electric shocks. (rElec)
You are resistant to unholy torment.
You are immune to petrification.


Message History

a - a +2 morningstar of protection (weapon)
You see here a +0 barding.
You see here a +0 scale mail.
You open the door.
A steam dragon, an orc warrior, 2 two-headed ogres and 2 zombies come into view.
The two-headed ogre shouts in stereo!
The orc warrior shouts!
The steam dragon hisses angrily.
The two-headed ogre shouts in stereo!
Unknown command.
You hit the two-headed ogre but do no damage.
Your weapon exudes an aura of protection.
The two-headed ogre hits you with a +0 giant club!
The two-headed ogre hits you but does no damage.
You fade into invisibility!
The two-headed ogre closely misses you.
The two-headed ogre hits you with a +0 giant club.
You are very lightly contaminated with residual magic.
You feel very mighty all of a sudden.
You barely miss the two-headed ogre. The two-headed ogre barely misses you.
You block the two-headed ogre's attack.
You puncture the two-headed ogre!
Your weapon exudes an aura of protection.
The two-headed ogre is moderately wounded.
The two-headed ogre hits you but does no damage.
The two-headed ogre barely misses you.
You impale the two-headed ogre!!
The two-headed ogre is heavily wounded.
The two-headed ogre barely misses you.
The two-headed ogre hits you with a +0 giant club.
You bludgeon the two-headed ogre!!
The two-headed ogre is almost dead.
The two-headed ogre misses you.
The two-headed ogre hits you with a +0 giant club.
You completely miss the two-headed ogre.
The two-headed ogre is almost dead.
The two-headed ogre closely misses you.
The two-headed ogre hits you but does no damage.
Your ring mail prevents you from hitting the two-headed ogre.
The two-headed ogre is almost dead.
The two-headed ogre hits you with a +0 giant club!
You die...

▓.▓
▓Z▓
▓Z▓
▓O▓
▓o▓
▓D▓
▓O▓
▓@▓
▓.▓
▓[▓
▓[▓
▓.▓
▓.▓
▓)▓
▓.▓
▓.▓


You could see 2 two-headed ogres, a steam dragon, an orc warrior, an adder
zombie and a quokka zombie.

Vanquished Creatures
  A black bear (D)
  An orc wizard (D)
  A shadow imp (D)
  An adder zombie (D)
  A dart slug (D)
  A bat zombie (D)
  An endoplasm (D)
  A giant cockroach (D)
  2 rats (D)
10 creatures vanquished.

Notes
Turn   | Place    | Note
-------+----------+-------------------------------------------
     0 | D        | mhtbhm the Gargoyle Fighter began the quest for the Orb.
     0 | D        | Reached XP level 1. HP: 14/14 MP: 1/1
    15 | D        | Reached XP level 2. HP: 19/20 MP: 2/2
    22 | D        | Noticed a black bear
    34 | D        | Reached skill level 5 in Fighting
    34 | D        | Reached skill level 5 in Armour
    34 | D        | Reached XP level 3. HP: 26/26 MP: 3/3
    45 | D        | Killed a black bear
    46 | D        | Reached skill level 1 in Dodging
    46 | D        | Reached skill level 5 in Shields
    46 | D        | Reached XP level 4. HP: 10/32 MP: 4/4
    46 | D        | Reached XP level 5. HP: 11/37 MP: 5/5
    57 | D        | Found a snail-covered altar of Cheibriados.
    57 | D        | Found a shadowy altar of Dithmenos.
    57 | D        | Found a white marble altar of Elyvilon.
    57 | D        | Found a blossoming altar of Fedhas.
    57 | D        | Found an opulent altar of Gozag.
    58 | D        | Found a hazy altar of Hepliaklqana.
    59 | D        | Found a viscous altar of Jiyva.
    60 | D        | Found an ancient bone altar of Kikubaaqudgha.
    61 | D        | Found a corrupted altar of Lugonu.
    62 | D        | Found a burning altar of Makhleb.
    63 | D        | Found a sparkling altar of Nemelex Xobeh.
    64 | D        | Found an iron altar of Okawaru.
    65 | D        | Found a stormy altar of Qazlal.
    66 | D        | Found a sacrificial altar of Ru.
    67 | D        | Found a shimmering blue altar of Sif Muna.
    68 | D        | Found a bloodstained altar of Trog.
    69 | D        | Found a hide-covered altar of Uskayaw.
    70 | D        | Found a radiant altar of Vehumet.
    71 | D        | Found an ornate altar of the Wu Jian Council.
    72 | D        | Became a worshipper of Warmaster Okawaru
    73 | D        | Found a shimmering altar of Xom.
    74 | D        | Found a basalt altar of Yredelemnul.
    75 | D        | Found a glowing silver altar of Zin.
    76 | D        | Found a glowing golden altar of the Shining One.
   294 | D        | Noticed a two-headed ogre
   294 | D        | Noticed an orc warrior
   294 | D        | Noticed a steam dragon
   294 | D        | Noticed a two-headed ogre
   303 | D        | Slain by a two-headed ogre

Illustrated notes

Levels and vault maps discovered:
D:        linesprint [early_d, line_temple, items_1, d_10, items_2, lair_1,
          lair_end, items_3, orc_1, orc_end, items_4, d_15, swamp_1, shoals_1,
          snake_1, spider_1, d_20, vaults_1, items_5, swamp_end, shoals_end,
          snake_end, spider_end, vaults_end, d_27, items_6, zot_1, zot_end,
          crypt_end, forest_end, elf_end, slime_end, tomb_end, abyss_end,
          pan_hell_end]

Skill      XL: |  1  2  3 |
---------------+----------+-----
Fighting       | 4 5 6 |  6.5
Armour         | 4 5 6 |  6.5
Shields        | 4 5 |  5.9
Maces & Flails | 4 |  4.5
Dodging        | 1 |  1.2

Action                   |  1- 3 |  4- 6 || total
-------------------------+-------+-------++-------
Melee: Flail             |    31 |     6 ||    37
       Morningstar       |       |     7 ||     7
  Use: Potion            |     2 |     2 ||     4
Armor: Scale mail        |    39 |     8 ||    47
       Ring mail         |       |     3 ||     3
Dodge: Dodged            |    17 |    14 ||    31
Block: Buckler           |     9 |     6 ||    15

Table legend: (Time is in decaauts)
 A = Elapsed time spent in this place.
 B = Non-inter-level travel time spent in this place.
 C = Inter-level travel time spent in this place.
 D = Time resting spent in this place.
 E = Time spent auto-exploring this place.
 F = Levels seen in this place.
 G = Mean time per level.
                   A        B        C        D        E       F      G
               +--------+--------+--------+--------+--------+-----+--------+
         Total |    319 |    319 |      0 |    159 |      3 |   1 |  319.0 |
       Dungeon |    319 |    319 |      0 |    159 |      3 |   1 |  319.0 |
               +--------+--------+--------+--------+--------+-----+--------+

Top non-repeatable levels by time:
       D: 319 daAuts
